 Dungeon Crawl Stone Soup version 0.30.0-5-g1a98f26d00 (webtiles) character file.

Game seed: 15459496065384465082

12401 Inkenn the Fighter (level 11, 0/102 HPs)
             Began as a Minotaur Fighter on May 8, 2023.
             Was a Priest of Nemelex Xobeh.
             Succumbed to an orc wizard's poison
             ... on level 9 of the Dungeon.
             The game lasted 00:19:23 (9582 turns).

Inkenn the Fighter (Minotaur Fighter)               Turns: 9582, Time: 00:19:26

Health: 0/102      AC: 19    Str: 26    XL:     11   Next: 62%
Magic:  10/10      EV: 14    Int:  5    God:    Nemelex Xobeh [***...]
Gold:   535        SH:  7    Dex: 15    Spells: 10/10 levels left

rFire   . . .        r - +5 hammer (protect)
rCold   . . .        c - +0 buckler
rNeg    . . .        i - +2 plate armour
rPois   .            (helmet restricted)
rElec   .            E - +2 cloak
rCorr   .            (no gloves)
SInv    .            (no boots)
Will    .....        (no amulet)
Stlth   x              - +5 ring of evasion
HPRegen 0.37/turn    B - +6 ring of dexterity
MPRegen 0.12/turn

%: random rage (3%)
@: lethally poisoned (0 -> -8)
A: horns 2, retaliatory headbutt, berserk 1
a: Renounce Religion, Draw Escape, Draw Destruction, Draw Summoning, Triple Draw


You were on level 9 of the Dungeon.
You worshipped Nemelex Xobeh.
Nemelex Xobeh was most pleased with you.
You visited 2 branches of the dungeon, and saw 11 of its levels.

You collected 535 gold pieces.

Inventory:

Hand Weapons
 a - a +0 flail
 r - a +5 hammer of protection (weapon)
Armour
 b - a +0 scale mail
 c - a +0 buckler (worn)
 i - a +2 plate armour (worn)
 E - a +2 cloak (worn)
Jewellery
 x - a +5 ring of evasion (left hand)
 B - a +6 ring of dexterity (right hand)
Wands
 d - a wand of charming (12)
 o - a wand of mindburst (7)
 C - a wand of iceblast (5)
 G - a wand of flame (17)
Scrolls
 h - a scroll of amnesia
 j - 2 scrolls of identify
 k - 2 scrolls of immolation
 l - a scroll of vulnerability {unknown}
 p - a scroll of fear {unknown}
 w - 4 scrolls of teleportation
Potions
 e - 2 potions of brilliance
 f - 3 potions of magic
 g - 5 potions of cancellation
 m - 2 potions of ambrosia
 n - a potion of attraction
 q - a potion of curing
 s - 4 potions of mutation
 u - 3 potions of flight
 v - 3 potions of haste
 z - 2 potions of heal wounds {unknown}
 A - a potion of degeneration {unknown}
 F - 2 potions of lignification {unknown}


   Skills:
 - Level 11.2 Fighting
 + Level 6.7(9.1) Axes
 - Level 9.5(11.5) Maces & Flails
 + Level 7.6(9.7) Staves
 - Level 10.0 Armour
 - Level 5.0 Dodging
 - Level 10.0 Shields


You had 10 spell levels left.
You didn't know any spells.
Your spell library contained the following spells:

 Spells                   Type           Power      Damage    Failure   Level
 Apportation              Tloc           0%         N/A       99%         1
 Magic Dart               Conj           0%         1d3       99%         1
 Necrotise                Necr           0%         1d4       99%         1
 Slow                     Hex            0%         N/A       99%         1
 Summon Small Mammal      Summ           0%         N/A       99%         1
 Call Imp                 Summ           0%         N/A       100%        2
 Static Discharge         Conj/Air       0%         2-2/arc   100%        2
 Confusing Touch          Hex            0%         N/A       100%        3
 Mephitic Cloud           Conj/Pois/Air  0%         N/A       100%        3
 Ozocubu's Armour         Ice            0%         N/A       100%        3
 Vampiric Draining        Necr           0%         2d6       100%        3
 Vhi's Electric Charge    Tloc/Air       0%         N/A       100%        3
 Airstrike                Air            0%         2d(0-16)  100%        4
 Summon Lightning Spire   Summ/Air       0%         N/A       100%        4
 Alistair's Intoxication  Tmut/Pois      0%         N/A       100%        5
 Arcjolt                  Conj/Air       0%         1d10      100%        5
 Borgnjor's Vile Clutch   Necr/Erth      0%         N/A       100%        5
 Metabolic Englaciation   Hex/Ice        0%         N/A       100%        5
 Eringya's Noxious Bog    Tmut/Pois      0%         N/A       100%        6
 Simulacrum               Ice/Necr       0%         N/A       100%        6
 Ozocubu's Refrigeration  Ice            0%         4d7       100%        7
 Maxwell's Capacitive Co  Air            0%         ∞         100%        8


Dungeon Overview and Level Annotations

Branches:
Dungeon (10/15)            Temple (1/1) D:6
   Lair: D:8-11         Orc: D:9-12

Altars:
Ashenzari
Cheibriados
Dithmenos
Elyvilon
Fedhas
Gozag
Hepliaklqana
Kikubaaqudgha
Makhleb
Nemelex Xobeh
Okawaru
Qazlal
Trog
Uskayaw
Vehumet
Wu Jian
Xom
Yredelemnul
Zin
The Shining One
Lugonu

Shops:
D:6 (   D:8 ?*![:

Annotations:
D:9 Snorg


Innate Abilities, Weirdness & Mutations

You have a pair of horns on your head.
You reflexively headbutt those who attack you in melee.
You sometimes lose your temper in combat.


Message History

Snorg shouts!
You bludgeon the orc!!
You kill the orc!
You feel very sick. Something hits you.
You are more poisoned.
You hit something but do no damage.
You feel very sick. Something hits you but does no damage.
You are more poisoned.
You miss something.
You feel very sick. Something barely misses you.
Something hits you but does no damage.
You are more poisoned.
You feel extremely sick. Something hits you but does no damage.
You are more poisoned.
You feel extremely sick.
You feel very sick.
A magic dart appears from out of thin air!
The magic dart hits you but does no damage.
You feel very sick.
You feel very sick.
You feel very sick.
You feel sick.
You feel sick.
Snorg draws her long claws delicately across her gut.
Something barely misses you.
You feel sick.
There is a stone staircase leading up, spattered with blood here.
You feel sick. Snorg misses you. You furiously retaliate!
You headbutt Snorg! Snorg claws you but does no damage. Snorg claws you!
* * * LOW HITPOINT WARNING * * *
Something hits you but does no damage.
You are more poisoned.
You climb upwards.
Reactivating autopickup.
You die...
Your body disappears without a glow.

###### #....# #....#
### #T{..# #.#
#@...### #.#
#......####.#
###...........######
#...................
##.#######......#+##
#.# #...÷÷.#... ####.#
#...)..#... #....#
#......#...
#....#######......#...


You could see Snorg.

Vanquished Creatures
  Erica (D:8)
  3 two-headed ogres
  A tengu warrior (D:9)
  Pikel (D:5)
  A manticore (D:9)
  3 kobold demonologists (D:10)
  2 trolls
  A hornet (D:9)
  A shadow (D:9)
  9 yaks
  Grum (D:9)
  A basilisk (D:9)
  2 steam dragons
  3 wargs (D:10)
  An acid dragon (D:9)
  6 water moccasins
  2 sky beasts (D:6)
  2 ice beasts
  6 orc warriors
  3 ogres
  4 wolves (D:9)
  3 centaurs
  A phantom (D:6)
  2 kobold brigands
  3 bullfrogs
  2 scorpions
  A gnoll sergeant (D:9)
  A wight (D:9)
  5 howler monkeys
  An electric eel (D:6)
  A jelly (D:7)
  6 orc priests
  2 hounds
  Crazy Yiuf (D:2)
  A sleepcap (D:5)
  3 iguanas
  8 orc wizards
  15 adders
  8 gnolls
  2 shadow imps
  A white imp (D:6)
  2 ufetubi
  2 dart slugs
  50 orcs
  3 bats
  11 endoplasms
  5 giant cockroaches
  11 hobgoblins
  2 quokkas (D:4)
  8 ball pythons
  4 frilled lizards
  2 goblins (D:2)
  16 kobolds
  5 rats
242 creatures vanquished.

Vanquished Creatures (collateral kills)
  A two-headed ogre (D:8)
1 creature vanquished.

Grand Total: 243 creatures vanquished

Notes
Turn   | Place    | Note
-------+----------+-------------------------------------------
     0 | D:1      | Inkenn the Minotaur Fighter began the quest for the Orb.
     0 | D:1      | Reached XP level 1. HP: 19/19 MP: 0/0
    99 | D:1      | Reached XP level 2. HP: 24/27 MP: 1/1
   382 | D:1      | Reached skill level 4 in Fighting
   470 | D:1      | Reached XP level 3. HP: 33/33 MP: 2/2
  1039 | D:2      | Reached XP level 4. HP: 40/40 MP: 3/3
  1639 | D:2      | Found a runed translucent door.
  1640 | D:2      | Noticed Crazy Yiuf
  1645 | D:2      | Killed Crazy Yiuf
  1813 | D:3      | Reached XP level 5. HP: 46/46 MP: 4/4
  2103 | D:3      | Reached skill level 5 in Armour
  2136 | D:3      | Reached skill level 5 in Shields
  2570 | D:4      | Noticed a water moccasin
  2576 | D:4      | Killed a water moccasin
  2577 | D:4      | Reached XP level 6. HP: 52/52 MP: 5/5
  2735 | D:4      | Reached skill level 5 in Maces & Flails
  3175 | D:5      | Entered Level 5 of the Dungeon
  3178 | D:5      | Noticed a water moccasin
  3186 | D:5      | Killed a water moccasin
  3290 | D:5      | Noticed Pikel
  3306 | D:5      | Killed Pikel
  3307 | D:5      | Reached XP level 7. HP: 10/59 MP: 6/6
  3610 | D:5      | Reached XP level 8. HP: 66/66 MP: 7/7
  3867 | D:5      | Reached skill level 5 in Fighting
  4062 | D:5      | Reached skill level 6 in Fighting
  4530 | D:6      | Reached skill level 7 in Fighting
  4674 | D:6      | Found a staircase to the Ecumenical Temple.
  4740 | D:6      | Found Ediett's Weapon Emporium.
  4771 | Temple   | Entered the Ecumenical Temple
  4877 | Temple   | Became a worshipper of Nemelex Xobeh the Trickster
  5165 | D:6      | Reached skill level 5 in Axes
  5170 | D:6      | Reached XP level 9. HP: 67/79 MP: 8/8
  5228 | D:6      | Reached skill level 5 in Staves
  6078 | D:7      | Reached skill level 8 in Fighting
  6202 | D:7      | Reached skill level 1 in Dodging
  6588 | D:8      | Found Yqea's Magic Scroll Shoppe.
  6605 | D:8      | Found Yfipn's Antique Armour Shoppe.
  6605 | D:8      | Found Vunoujer's Book Emporium.
  6605 | D:8      | Reached * piety under Nemelex Xobeh
  6605 | D:8      | Noticed a walking earthen tome
  6605 | D:8      | Noticed a walking crystal tome
  6790 | D:8      | Reached XP level 10. HP: 83/88 MP: 9/9
  6828 | D:8      | Found an opulent altar of Gozag.
  6828 | D:8      | Noticed Erica
  6855 | D:8      | Noticed a two-headed ogre
  7111 | D:8      | Found a glowing golden altar of the Shining One.
  7120 | D:8      | Found Focacvics's Distillery.
  7139 | D:8      | Received a gift from Nemelex Xobeh
  7206 | D:8      | Identified the -2 quarterstaff of Teetee {elec, Str+3
                  | Stlth+}
  7213 | D:8      | Killed a two-headed ogre
  7214 | D:8      | Reached skill level 5 in Dodging
  7319 | D:8      | Found Jugeg's General Store.
  7514 | D:8      | Killed Erica
  7895 | D:9      | Reached ** piety under Nemelex Xobeh
  7912 | D:9      | Reached skill level 10 in Armour
  7918 | D:9      | Reached skill level 10 in Shields
  7930 | D:9      | Noticed a two-headed ogre
  7939 | D:9      | Killed a two-headed ogre
  8121 | D:9      | Noticed a tengu warrior
  8130 | D:9      | Reached skill level 9 in Fighting
  8142 | D:9      | Killed a tengu warrior
  8143 | D:9      | Reached XP level 11. HP: 39/97 MP: 10/10
  8454 | D:9      | Reached skill level 10 in Fighting
  8512 | D:9      | Found a white marble altar of Elyvilon.
  8843 | D:9      | Noticed a two-headed ogre
  8854 | D:9      | Killed a two-headed ogre
  8964 | D:9      | Noticed Grum
  8983 | D:9      | Killed Grum
  9052 | D:9      | Received a gift from Nemelex Xobeh
  9065 | D:9      | Reached *** piety under Nemelex Xobeh
  9217 | D:10     | Entered Level 10 of the Dungeon
  9223 | D:10     | Found a radiant altar of Vehumet.
  9246 | D:10     | Found a corrupted altar of Lugonu.
  9253 | D:10     | Noticed a sixfirhy
  9258 | D:10     | Noticed a two-headed ogre
  9260 | D:10     | Gained mutation: You sometimes lose your temper in combat.
                  | [a neqoxec]
  9502 | D:10     | Killed a two-headed ogre
  9503 | D:10     | Reached skill level 11 in Fighting
  9568 | D:10     | Noticed Snorg
  9581 | D:10     | HP: 3/102 [Snorg (9)]
  9582 | D:9      | Succumbed to an orc wizard's poison

Illustrated notes

Levels and vault maps discovered:
D:1:      dpeg_arrival_rooms_a, layout_loops_ring, glass_columns_a,
          minmay_statues_item
D:2:      layout_loops_ring, amethyst_killhole, minmay_misc_feat_nine_boxes,
          uniq_crazy_yiuf_cottage
D:3:      layout_basic, chequers_jeans
D:4:      layout_gridville
D:5:      layout_layer_cave, minmay_crystal_water, uniq_pikel
D:6:      minmay_diamond_boxcup, layout_loops_corners,
          minmay_temple_entry_antechambers, serial_shops, shop,
          nicolae_kite_square_tiling_tiny
D:7:      layout_rooms
D:8:      layout_rooms, mainiacjoe_overflow_brackets,
          mainiacjoe_overflow_chevrons, special_room [special_room_orc],
          serial_shops, nicolae_square_shop, shop, nicolae_shop_tiny_waterfront,
          nicolae_shop_hallway_stairs, nicolae_shop_mannequins, uniq_erica
D:9:      nzn_winding_woodlands_three_and_one
          [nzn_winding_woodlands_5x15_garden, nzn_winding_woodlands_5x15_parted,
          nzn_winding_woodlands_5x15_river_crossing,
          nzn_winding_woodlands_center_lodge], layout_irregular_city,
          elyvilon_altar_1, lightli_orcish_oven, uniq_grum
D:10:     kennysheep_kobold_lugonu_temple, layout_long_grid,
          nicolae_vehumet_altar_sigil, jmf_multi_god_temple,
          erik_lair_orcish_takeover, chequers_avenue, uniq_snorg
Temple:   nicolae_temple_slightly_damp_pantheon

Skill      XL: |  1  2  3  4  5  6  7  8  9 10 11 |
---------------+----------------------------------+-----
Armour         | 4 5 7 8 10 | 10.0
Fighting       | 4 7 8 9 11 | 11.2
Shields        | 4 5 7 8 10 | 10.0
Maces & Flails | 3 4 5 7 9 |  9.5
Axes           | 6 |  6.7
Staves         | 7 |  7.6
Dodging        | 3 5 |  5.0

Action                     |  1- 3 |  4- 6 |  7- 9 | 10-12 || total
---------------------------+-------+-------+-------+-------++-------
  Melee: Flail             |   109 |    29 |       |       ||   138
         Headbutt          |    10 |    18 |    57 |    60 ||   145
         Mace              |       |   100 |   241 |   283 ||   624
 Invoke: Draw Summoning    |       |       |       |     1 ||     1
         Draw Destruction  |       |       |       |     7 ||     7
    Use: Potion            |       |     2 |       |     2 ||     4
         Scroll            |       |       |    24 |     1 ||    25
 Armour: Scale mail        |    11 |       |       |       ||    11
         Plate armour      |    51 |    76 |   116 |   172 ||   415
  Dodge: Dodged            |    39 |    48 |   127 |   229 ||   443
  Block: Buckler           |    32 |    36 |    64 |   116 ||   248
